 Dungeon Crawl Stone Soup version 0.30-a0-557-ge2afbf3030 (webtiles) character file.

Game seed: 9374407592011915772

729 greasedhog the Trooper (level 7, -1/46 HPs)
             Began as a Gargoyle Cinder Acolyte on Dec 27, 2022.
             Was a High Priest of Ignis.
             Slain by Dowan
             ... wielding a +0 dagger
              (2 damage)
             ... on level 5 of the Dungeon.
             The game lasted 00:05:11 (3260 turns).

greasedhog the Trooper (Gargoyle Cinder Acolyte)    Turns: 3260, Time: 00:05:11

Health: -1/46      AC: 20    Str: 26    XL:     7   Next: 73%
Magic:  8/8        EV: 11    Int: 14    God:    Ignis [*****.]
Gold:   297        SH:  0    Dex:  5    Spells: 8/8 levels left

rFire   + . .      SeeInvis .    a - -1 mace (flame)
rCold   . . .      Faith    .    (no shield)
rNeg    + . .      Spirit   .    i - +2 robe {Will+}
rPois   ∞          Reflect  .    g - +1 helmet
rElec   +          Harm     .    k - +0 cloak
rCorr   .          Rampage  .    u - +0 pair of gloves
Will    +....                    (no boots)
Stlth   +                        (no amulet)
HPRegen 0.27/turn                n - +6 ring of strength
MPRegen 0.11/turn                (no ring)

@: fiery-armoured
A: sickness immunity, AC +4, negative energy resistance 1, electricity
resistance, torment resistance 1, petrification resistance
a: Renounce Religion, Fiery Armour, Foxfire Swarm, Rising Flame


You were on level 5 of the Dungeon.
You worshipped Ignis.
Ignis was extremely pleased with you.
You visited 2 branches of the dungeon, and saw 6 of its levels.

You collected 297 gold pieces.

Inventory:

Hand Weapons
 a - a -1 mace of flaming (weapon)
Missiles
 v - a throwing net (quivered)
Armour
 g - a +1 helmet (worn)
 i - a +2 robe of willpower (worn)
 k - a +0 cloak (worn)
 u - a +0 pair of gloves (worn)
Jewellery
 e - a ring of fire
 n - a +6 ring of strength (left hand)
Wands
 q - a wand of flame (19)
 x - a wand of paralysis (16)
Scrolls
 b - a scroll of fog {unknown}
 c - a scroll of amnesia
 d - 2 scrolls of fear
 m - a scroll of magic mapping {unknown}
 s - a scroll of vulnerability {unknown}
 w - 2 scrolls of teleportation
Potions
 f - a potion of mutation
 h - a potion of invisibility
 j - a potion of cancellation {unknown}
 l - 2 potions of ambrosia {unknown}
 o - 2 potions of heal wounds {unknown}
 p - a potion of might
 r - 2 potions of curing {unknown}
 t - a potion of brilliance {unknown}


   Skills:
 * Level 6.1 Fighting
 * Level 5.6 Maces & Flails
 * Level 5.0 Armour
 - Level 1.0 Spellcasting
 - Level 3.0 Fire Magic


You had 8 spell levels left.
You didn't know any spells.
Your spell library contained the following spells:

 Spells                   Type           Power      Damage    Failure   Level
 Scorch                   Fire           18%        2d5       12%         2
 Magic Dart               Conj           0%         1d3       26%         1
 Sting                    Tmut/Pois      0%         1d3       26%         1
 Call Imp                 Summ           0%         N/A       36%         2
 Poisonous Vapours        Pois/Air       0%         N/A       36%         2
 Mephitic Cloud           Conj/Pois/Air  0%         N/A       61%         3
 Tukima's Dance           Hex            0%         N/A       61%         3
 Olgreb's Toxic Radiance  Pois           0%         N/A       95%         4
 Passage of Golubria      Tloc           0%         N/A       95%         4
 Yara's Violent Unravell  Hex/Tmut       0%         3d3       100%        5


Dungeon Overview and Level Annotations

Branches:
Dungeon (5/15)             Temple (1/1) D:4

Altars:
Hepliaklqana
Kikubaaqudgha
Makhleb
Nemelex Xobeh
Sif Muna
Zin

Shops:
D:1 (   D:4 (   D:5 :

Annotations:
D:5 Dowan


Innate Abilities, Weirdness & Mutations

You are immune to sickness and miasma.
Your stone body is resilient. (AC +4)
You are immune to poison.
You resist negative energy. (rN+)
You are resistant to electric shocks. (rElec)
You are resistant to unholy torment.
You are immune to petrification.


Message History

Dowan is burned by your cloak of flames.
Dowan is lightly wounded.
Dowan hits you but does no damage.
Dowan resists.
Dowan is burned by your cloak of flames.
Dowan is lightly wounded.
You hit Dowan.
Dowan is lightly wounded.
Dowan gestures wildly while chanting.
Dowan blinks!
You closely miss Dowan.
Dowan is lightly wounded.
Dowan shakes with grief.
Dowan closely misses you. Dowan barely misses you.
You hit Dowan.
Dowan is moderately wounded.
Dowan closely misses you.
You hit Dowan but do no damage.
Dowan is moderately wounded.
Dowan barely misses you.
Dowan breathes, "And she was my only..."
Dowan hits you with a +0 dagger.
Dowan resists.
Dowan is burned by your cloak of flames.
Dowan is moderately wounded.
You hit Dowan.
Dowan is heavily wounded.
Dowan hits you but does no damage.
Dowan resists.
Dowan is burned by your cloak of flames.
Dowan is heavily wounded.
You hit Dowan but do no damage.
Dowan is heavily wounded.
Dowan casts a spell at you. The shard of ice hits you!!
* * * LOW HITPOINT WARNING * * *
Dowan hits you but does no damage.
Dowan resists.
Dowan is burned by your cloak of flames.
Dowan is severely wounded.
You hit Dowan.
Dowan is almost dead.
Dowan hits you with a +0 dagger.
You die...

### #<#
##.####################
#...........∩.@e)......
#######################


You could see Dowan (fast).

Vanquished Creatures
  Sigmund (D:2)
  Duvessa (D:5)
  A scorpion (D:2)
  A jelly (D:4)
  A hound (D:4)
  Crazy Yiuf (D:2)
  Terence (D:3)
  An iguana (D:4)
  Natasha (twice) (D:3)
  Robin (D:1)
  4 gnolls (D:3)
  5 adders
  2 ufetubi
  3 worms
  4 dart slugs
  An orc (D:4)
  4 bats
  5 endoplasms
  4 giant cockroaches
  17 goblins
  10 hobgoblins
  4 jackals
  5 quokkas
  3 training dummies (D:4)
  6 ball pythons
  5 frilled lizards
  5 kobolds
  9 rats
107 creatures vanquished.

Notes
Turn   | Place    | Note
-------+----------+-------------------------------------------
     0 | D:1      | greasedhog the Gargoyle Cinder Acolyte began the quest for
                  | the Orb.
     0 | D:1      | Reached XP level 1. HP: 14/14 MP: 2/2
   125 | D:1      | Reached XP level 2. HP: 17/19 MP: 3/3
   127 | D:1      | Reached skill level 1 in Armour
   161 | D:1      | Found Cudorgh's Antique Weapon Boutique.
   373 | D:1      | Found a faded altar of an unknown god.
   641 | D:2      | Reached XP level 3. HP: 4/24 MP: 4/4
   841 | D:2      | Noticed Robin
   964 | D:1      | Killed Robin
  1069 | D:2      | Reached skill level 4 in Fighting
  1099 | D:2      | Reached XP level 4. HP: 26/29 MP: 5/5
  1102 | D:2      | Noticed Sigmund
  1124 | D:2      | Killed Sigmund
  1125 | D:2      | Reached XP level 5. HP: 30/34 MP: 6/6
  1233 | D:2      | Reached XP level 6. HP: 40/40 MP: 7/7
  1402 | D:2      | Found a runed translucent door.
  1403 | D:2      | Noticed Crazy Yiuf
  1705 | D:2      | Killed Crazy Yiuf
  1706 | D:2      | Reached skill level 5 in Fighting
  1995 | D:3      | Noticed Terence
  2005 | D:3      | Killed Terence
  2006 | D:3      | Reached skill level 5 in Maces & Flails
  2011 | D:3      | Reached XP level 7. HP: 36/44 MP: 8/8
  2048 | D:3      | Noticed Natasha
  2053 | D:3      | Killed Natasha
  2259 | D:3      | Noticed Natasha
  2274 | D:3      | Killed Natasha
  2355 | D:4      | Found Afoafir's Firing Range.
  2383 | D:4      | Found a shimmering blue altar of Sif Muna.
  2971 | D:4      | Found a staircase to the Ecumenical Temple.
  2994 | Temple   | Entered the Ecumenical Temple
  3112 | D:4      | Found a sparkling altar of Nemelex Xobeh.
  3211 | D:5      | Entered Level 5 of the Dungeon
  3216 | D:5      | Found Qebezirgh's Book Shop.
  3223 | D:5      | Noticed Dowan
  3223 | D:5      | Noticed Duvessa
  3251 | D:5      | Killed Duvessa
  3252 | D:5      | Reached skill level 6 in Fighting
  3252 | D:5      | Reached skill level 5 in Armour
  3259 | D:5      | HP: 1/46 [Dowan/shard of ice (22)]
  3260 | D:5      | Slain by Dowan

Illustrated notes

Levels and vault maps discovered:
D:1:      dpeg_arrival_rooms_with_view, layout_rooms, serial_shops,
          nicolae_shop_waterfront, ebering_ecumenical_altar_petrified
D:2:      layout_loops_cross, minmay_heptomino_h4, uniq_crazy_yiuf_cottage,
          uniq_robin, uniq_sigmund
D:3:      kennysheep_big_flooded_room, layout_rooms, uniq_terence, uniq_natasha
D:4:      layout_basic, nemelex_dance_club_becter, mainiacjoe_overflow_paths,
          minmay_temple_entry_statues_pillars, hangedman_glass_teeth,
          nicolae_shop_firing_range
D:5:      layout_basic, nicolae_gozag_seed_capital, lemuel_doored_altar,
          serial_shops, shop, shop, nicolae_shop_trees, uniq_menkaure,
          uniq_duvessa, uniq_grinder
Temple:   hellmonk_temple_of_storms

Skill      XL: |  1  2  3  4  5  6  7 |
---------------+----------------------+-----
Armour         | 1 2 3 4 5 |  5.0
Fighting       | 4 5 6 |  6.1
Maces & Flails | 4 5 |  5.6
Spellcasting   | |  1.0
Fire Magic     | |  3.0

Action                   |  1- 3 |  4- 6 |  7- 9 || total
-------------------------+-------+-------+-------++-------
Melee: Mace              |   115 |   110 |   149 ||   374
       Punch             |       |     2 |     2 ||     4
Invok: Fiery Armour      |       |     2 |     1 ||     3
Evoke: Wand              |       |       |     1 ||     1
  Use: Scroll            |     4 |     1 |     1 ||     6
       Potion            |       |     1 |       ||     1
 Stab: Paralysed         |       |       |     4 ||     4
Armor: Robe              |    55 |    63 |    83 ||   201
Dodge: Dodged            |    92 |    74 |    91 ||   257

Table legend: (Time is in decaauts)
 A = Elapsed time spent in this place.
 B = Non-inter-level travel time spent in this place.
 C = Inter-level travel time spent in this place.
 D = Time resting spent in this place.
 E = Time spent auto-exploring this place.
 F = Levels seen in this place.
 G = Mean time per level.
                   A        B        C        D        E       F      G
               +--------+--------+--------+--------+--------+-----+--------+
         Total |   3324 |   3175 |    149 |    193 |   2162 |   6 |  554.0 |
       Dungeon |   3322 |   3173 |    149 |    193 |   2162 |   5 |  664.4 |
        Temple |      1 |      1 |      0 |      0 |      0 |   1 |    1.0 |
               +--------+--------+--------+--------+--------+-----+--------+

Top non-repeatable levels by time:
     D:2: 951 daAuts
     D:1: 881 daAuts
     D:4: 877 daAuts
     D:3: 559 daAuts
     D:5: 52 daAuts
  Temple: 1 daAuts
